cohdb
Replays
Latest Replays
All Replays
Popular Replays
Top Player Replays
Match Explorer
How It Works
Community
CoH3 Stats
Reddit
Sign in to upload your games and track your stats! →
Sign in with Steam
Match 35444659
Unlisted
Match 35444659
Overview
Messages
Build Orders
End
Kradschützen Motorcycle Team
250 Light Carrier
Panzergrenadier Squad
Selects Armored Support Battlegroup
Panzergrenadier Squad
Selects Superior Fire Drills
Construct Light Support Kompanie
Fire Support Elements
Selects Salvage Kits
Pak 38 Anti-tank Gun Team
Flakvierling Half-track
2.5-tonne Medical Truck
le.IG 18 Mechanized Group
Construct Mechanized Kompanie
Marder III Tank Destroyer
Selects Panzer Storm
MG34 Team
Marder III Tank Destroyer
Panzergrenadier Squad
Selects Stuka Dive Bomb
Veteran Squad Leaders
Tungsten Core Ammunition
deadsadbadmad
jessyjames
Machinasous
steakiller
0
0
Comments
sign in to comment!
No comments posted yet!